 Dungeon Crawl Stone Soup version 0.29.0-13-gc9e81de378 (webtiles) character file.

Game seed: 14489591619648569307

562 ImASeal the Chopper (level 7, 0/67 HPs)
             Began as a Troll Berserker on Sept 8, 2022.
             Was a Priest of Trog.
             Slain by Duvessa
             ... wielding a +0 short sword
              (8 damage)
             ... on level 4 of the Dungeon.
             The game lasted 00:06:28 (2476 turns).

ImASeal the Chopper (Troll Berserker)               Turns: 2476, Time: 00:06:29

Health: 0/67       AC:  8    Str: 28    XL:     7   Next: 10%
Magic:  6/6        EV: 18    Int:  3    God:    Trog [***...]
Gold:   243        SH:  0    Dex:  9    Spells: 6/6 levels left

rFire   + + .      SeeInvis .   (weapon currently unavailable)
rCold   + + .      Faith    .   (shield currently unavailable)
rNeg    + + +      Spirit   .   (body armour currently unavailable)
rPois   ∞          Reflect  .   (helmet currently unavailable)
rElec   +          Harm     .   (cloak currently unavailable)
rCorr   +          Rampage  .   (gloves unavailable)
Will    .....                   (boots unavailable)
Stlth   +.........              (amulet currently unavailable)
HPRegen 1.01/turn               (ring currently unavailable)
MPRegen 0.10/turn               (ring currently unavailable)

@: wisp-form, flying
A: insubstantial, flying, no casting, tiny, unfitting armour, (claws 3),
regeneration 1, (shaggy fur 1), (tough skin 1)
a: Renounce Religion, Berserk, Trog's Hand


You were on level 4 of the Dungeon.
You worshipped Trog.
Trog was most pleased with you.
You were an insubstantial wisp.
You visited 1 branch of the dungeon, and saw 6 of its levels.

You collected 243 gold pieces.

Inventory:

Hand Weapons
 a - a +0 hand axe
 p - a +0 war axe (melded)
Missiles
 c - 13 stones
 t - 2 poisoned darts
 u - 6 boomerangs (quivered)
Armour
 b - a +0 animal skin (melded)
Jewellery
 l - a ring of magical power
 n - a +6 ring of dexterity (melded)
 q - a +4 ring of protection (melded)
 w - a ring of protection from cold
Scrolls
 d - a scroll of immolation {unknown}
 e - 3 scrolls of identify {unknown}
 f - 4 scrolls of noise
 g - 2 scrolls of fear {unknown}
 i - 3 scrolls of teleportation {unknown}
 k - 2 scrolls of fog {unknown}
 v - a scroll of silence {unknown}
Potions
 j - a potion of berserk rage {unknown}
 m - a potion of flight
 o - a potion of brilliance {unknown}
 r - a potion of haste {unknown}
 s - a potion of curing {unknown}
 x - 2 potions of mutation {unknown}


   Skills:
 + Level 3.5 Fighting
 * Level 6.2 Axes
 + Level 0.2 Throwing
 - Level 2.4 Dodging


You had 6 spell levels left.
You didn't know any spells.
Your spell library was empty.

Dungeon Overview and Level Annotations

Branches:
Dungeon (6/15)             Temple (0/1) D:5

Altars:
Yredelemnul
The Shining One

Annotations:
D:4 Dowan, Duvessa


Innate Abilities, Weirdness & Mutations

You are an insubstantial wisp.
Your tiny insubstantial body is highly resistant to most damage types.
You are flying.
Your equipment is entirely melded.
You are incapable of wielding weapons or throwing items.
You cannot cast spells.
You are too large for most types of armour.
((You have claws for hands.))
Your natural rate of healing is unusually fast.
((You are covered in fur. (AC +1)))
((You have tough skin. (AC +1)))


Message History

Dowan casts a spell.
Dowan blinks!
Duvessa hits you with a +0 short sword.
* * * LOW HITPOINT WARNING * * *
Duvessa closely misses you. Duvessa misses you. x2
Duvessa barely misses you.
Dowan gestures wildly while chanting.
Dowan blinks!
Duvessa hits you with a +0 short sword.
* * * LOW HITPOINT WARNING * * *
Duvessa says, "Where magic fails, the sword succeeds!"
Duvessa attacks as you move away! Duvessa hits you but does no damage.
Duvessa hits you with a +0 short sword.
* * * LOW HITPOINT WARNING * * *
You barely miss Dowan. Duvessa hits you with a +0 short sword.
* * * LOW HITPOINT WARNING * * *
Dowan barely misses you.
You touch Dowan.
Dowan is moderately wounded.
Duvessa closely misses you. Dowan misses you. Duvessa misses you.
You touch Dowan!
Dowan is heavily wounded.
Duvessa completely misses you. Dowan closely misses you.
You touch Dowan.
Dowan is severely wounded.
Duvessa hits you with a +0 short sword.
* * * LOW HITPOINT WARNING * * *
You barely miss Dowan.
Dowan is severely wounded.
Duvessa completely misses you. Dowan hits you but does no damage.
Duvessa closely misses you.
You closely miss Dowan.
Dowan is severely wounded.
Dowan hits you with a +0 dagger.
* * * LOW HITPOINT WARNING * * *
Duvessa closely misses you.
You touch Dowan.
Dowan is almost dead.
Duvessa hits you with a +0 short sword!
You die...

****,**,***#.........##.#...##.#
,,,,**,,,**+.........'.......#.#
***##.....##.........##.#...##.#
*##.......#........###.##..##.#
*,...._.....#.....## #........#
*,*..e....####...## #####.####
*,**..e..** ##'## #.# *,,**...**
#e# #.# *****#.#* #v# #.# #.#
##e## #.# #.# ##...## ######e#
#####.######.....# #......#
#......e).###...## #.######
#.###.###.####.## #.#
*,..........########.#
**#########..ee......#
############


You could see Duvessa (fast) and Dowan.

Vanquished Creatures
  An ogre (D:4)
  A phantom (D:5)
  3 scorpions (D:4)
  A jelly (D:5)
  An iguana (D:6)
  Natasha (D:4)
  An orc wizard (D:3)
  3 gnolls (D:3)
  An adder (D:4)
  An ufetubus (D:4)
  A worm (D:3)
  3 dart slugs
  5 orcs
  5 ball pythons
  4 bats
  6 endoplasms
  6 giant cockroaches
  2 goblins
  8 hobgoblins
  A jackal (D:4)
  3 quokkas
  3 frilled lizards
  7 kobolds
  2 rats
70 creatures vanquished.

Vanquished Creatures (others)
  4 plants
  A withered plant (D:6)
5 creatures vanquished.

Grand Total: 75 creatures vanquished

Notes
Turn   | Place    | Note
-------+----------+-------------------------------------------
     0 | D:1      | ImASeal the Troll Berserker began the quest for the Orb.
     0 | D:1      | Reached XP level 1. HP: 22/22 MP: 0/0
   253 | D:1      | Reached XP level 2. HP: 29/29 MP: 1/1
   254 | D:1      | Found a faded altar of an unknown god.
   353 | D:1      | Reached skill level 3 in Axes
   823 | D:2      | Reached XP level 3. HP: 36/36 MP: 2/2
  1106 | D:2      | Reached ** piety under Trog
  1436 | D:3      | Reached XP level 4. HP: 33/44 MP: 3/3
  1472 | D:3      | Reached skill level 4 in Axes
  1616 | D:3      | HP: 2/45 [poisoned by a kobold]
  1786 | D:4      | Noticed a scorpion
  1788 | D:4      | Noticed a scorpion
  1798 | D:4      | Killed a scorpion
  1799 | D:4      | Reached XP level 5. HP: 52/53 MP: 4/4
  1810 | D:4      | Reached skill level 5 in Axes
  1955 | D:4      | Reached *** piety under Trog
  1956 | D:4      | Reached XP level 6. HP: 56/61 MP: 5/5
  1987 | D:4      | You fall into a shaft and drop 2 floors!
  1994 | D:6      | Found a basalt altar of Yredelemnul.
  2022 | D:5      | Entered Level 5 of the Dungeon
  2096 | D:5      | Found a staircase to the Ecumenical Temple.
  2196 | D:4      | Reached skill level 6 in Axes
  2196 | D:4      | Reached XP level 7. HP: 64/67 MP: 6/6
  2220 | D:4      | Noticed Natasha
  2227 | D:4      | Killed Natasha
  2392 | D:4      | Found a glowing golden altar of the Shining One.
  2394 | D:4      | Noticed Duvessa
  2394 | D:4      | Noticed Dowan
  2476 | D:4      | Slain by Duvessa

Illustrated notes

Levels and vault maps discovered:
D:1:      dpeg_arrival_signposts, layout_basic,
          dreamdust_ecumenical_altar_grove, minivault_4
D:2:      layout_rooms, grunt_ministairs_1
D:3:      cheibrodos_old_hovel, layout_rooms, minmay_strange_pillars
D:4:      layout_loops_corners, lemuel_round_altar, kennysheep_generic_room_3,
          uniq_duvessa, uniq_natasha
D:5:      layout_rooms, minmay_temple_entry_slanted
D:6:      layout_basic, yredelemnul_altar_generic, lemuel_doored_altar,
          mainiacjoe_overflow_brackets, nrook_pool_corridor, dk_rats_in_the_wall

Skill      XL: |  1  2  3  4  5  6 |
---------------+-------------------+-----
Axes           | 3 4 5 6 |  6.2
Fighting       | 3 |  3.5
Throwing       | |  0.2
Dodging        | |  2.4

Action                   |  1- 3 |  4- 6 |  7- 9 || total
-------------------------+-------+-------+-------++-------
Melee: Hand axe          |    66 |       |       ||    66
       War axe           |    12 |    84 |    18 ||   114
       Punch             |       |     2 |       ||     2
       Unarmed           |       |       |    21 ||    21
Throw: Boomerang         |       |     2 |       ||     2
  Use: Scroll            |       |       |     2 ||     2
       Potion            |       |       |     1 ||     1
 Stab: Sleeping          |     1 |     1 |     1 ||     3
Armor: Animal skin       |    33 |    39 |     7 ||    79
       Skin              |       |       |     2 ||     2
Dodge: Dodged            |    53 |    24 |    38 ||   115
